 Dungeon Crawl Stone Soup version 0.23-a0-650-ga4d50d4 (webtiles) character file.

3856 George the Carver (level 9, -2/78 HPs)
             Began as a Minotaur Fighter on Jan 6, 2019.
             Was an Initiate of the Shining One.
             Splashed by a brown ugly thing's acid (9 damage)
             ... on level 8 of the Dungeon.
             The game lasted 00:11:12 (7057 turns).

George the Carver (Minotaur Fighter)                Turns: 7057, Time: 00:11:12

Health: -2/78      AC:  6    Str: 25    XL:     9   Next: 99%
Magic:  9/9        EV:  7    Int:  5    God:    the Shining One [......]
Gold:   405        SH: 10    Dex:  9    Spells: 8/8 levels left

rFire    . . .     SeeInvis .   a - +0 long sword
rCold    + . .     Gourm    +   c - +0 shield
rNeg     . . .     Faith    .   h - +0 plate armour
rPois    .         Spirit   .   (helmet restricted)
rElec    .         Reflect  .   z - +0 cloak
rCorr    .         Harm     .   (no gloves)
MR       .....                  (no boots)
Stlth    ..........             e - amulet of the gourmand
HPRegen  0.23/turn              i - ring of attention (curse)
MPRegen  0.11/turn              x - ring of protection from cold

@: corroded, glowing
A: retaliatory headbutt, horns 2
a: Renounce Religion


You were on level 8 of the Dungeon.
You worshipped the Shining One.
The Shining One was noncommittal.
You were completely stuffed.

You visited 2 branches of the dungeon, and saw 10 of its levels.

You collected 405 gold pieces.

Inventory:

Hand Weapons
 a - a +0 long sword (weapon)
 D - a +2 rapier of freezing
Armour
 c - a +0 shield (worn)
 h - a +0 plate armour (worn)
 r - +0 ice dragon scales
 z - a +0 cloak (worn)
Jewellery
 e - an amulet of the gourmand (around neck)
 i - a cursed ring of attention (left hand)
 x - a ring of protection from cold (right hand)
Wands
 k - a wand of iceblast (10)
 C - a wand of paralysis (6)
Scrolls
 b - 2 scrolls of teleportation
 g - a scroll of blinking
 j - 4 scrolls of remove curse
 n - 3 scrolls of magic mapping {unknown}
 o - 4 scrolls of enchant weapon {unknown}
 p - 5 scrolls of immolation {unknown}
 s - 3 scrolls of enchant armour {unknown}
 w - 2 scrolls of fear {unknown}
 y - 2 scrolls of fog
Potions
 d - a potion of might
 m - 5 potions of curing
 q - 5 potions of haste
 u - a potion of mutation
 A - a potion of cancellation
 B - a potion of heal wounds
Comestibles
 f - 15 rations
 l - 2 chunks of flesh


   Skills:
 + Level 6.4 Fighting
 + Level 13.0 Long Blades
 + Level 6.4 Armour
 + Level 4.5 Dodging
 + Level 6.4 Shields
 + Level 1.9 Invocations


You had 8 spell levels left.
You didn't know any spells.
Your spell library contained the following spells:

 Spells                   Type           Power        Failure   Level  Hunger
 Freeze                   Ice            #...         100%        1    ##.....
 Throw Frost              Conj/Ice       #.....       100%        2    ###....
 Ozocubu's Armour         Chrm/Ice       #.......     100%        3    ####...
 Summon Ice Beast         Ice/Summ       #.......     100%        4    #####..
 Throw Icicle             Conj/Ice       #.......     100%        4    #####..


Dungeon Overview and Level Annotations

Branches:
Dungeon (9/15)             Temple (1/1) D:6            Lair (0/6) D:9
    Orc: D:9-12

Altars:
Ashenzari
Cheibriados
Dithmenos
Elyvilon
Fedhas
Gozag
Hepliaklqana
Kikubaaqudgha
Makhleb
Nemelex Xobeh
Okawaru
Qazlal
Ru
Sif Muna
Trog
Uskayaw
Vehumet
Wu Jian
Xom
Yredelemnul
Zin
The Shining One


Innate Abilities, Weirdness & Mutations

You reflexively headbutt those who attack you in melee.
You have a pair of horns on your head.


Message History

The brown ugly thing is almost dead.
You block the brown ugly thing's attack.
You closely miss the brown ugly thing.
The brown ugly thing is almost dead.
Evoke which item? (* to show all) (? for menu, Esc to quit)
Aiming: Paralyse
Press: ? - help, Shift-Dir - straight line, f - brown ugly thing
Aim: a brown ugly thing (almost dead, haloed, chance to defeat MR: 28%)
Okay, then.
Unknown command.
Unknown command.
The brown ugly thing barely misses you.
You riposte.
You hit the brown ugly thing but do no damage.
The brown ugly thing is almost dead.
The brown ugly thing closely misses you.
You furiously retaliate!
You headbutt the brown ugly thing! The brown ugly thing trunk-slaps you!
* * * LOW HITPOINT WARNING * * *
You are splashed with acid!
The acid burns!
You die...

#.>........#
########.###############
#.#..............
#.#.#############
#.#..............
#########.###############
#.........#
#.#######################
#.##...u@................
#....####################
######


You could see a brown ugly thing.

Vanquished Creatures
  A two-headed ogre (D:8)
  The ghost of Lanoc the Ruffian, a novice TrMo of Nemelex Xobeh (D:5)
  3 slime creatures (D:7)
  Eustachio (D:5)
  A water moccasin (D:7)
  An ice beast (D:5)
  A sky beast (D:5)
  3 ogres (D:4)
  A phantom (D:4)
  A big kobold (D:7)
  Blork the orc (D:5)
  2 bullfrogs (D:6)
  3 scorpions
  A howler monkey (D:4)
  2 centaur zombies
  3 crimson imps
  A jelly (D:8)
  A centaur skeleton (D:8)
  4 hounds
  A bullfrog skeleton (D:6)
  A gnoll shaman (D:4)
  An orc wizard (D:3)
  4 iguanas
  4 worker ants
  2 hound skeletons
  A worker ant zombie (D:7)
  13 gnolls
  20 adders
  A shadow imp (D:6)
  An adder zombie (D:5)
  7 dart slugs
  3 leopard geckos
  12 orcs
  8 bats
  3 giant cockroaches
  9 goblins
  7 hobgoblins
  10 jackals
  15 kobolds
  4 quokkas
  2 ball pythons
  A ball python skeleton (D:4)
  5 frilled lizards
  A leopard gecko skeleton (D:4)
  A quokka skeleton (D:5)
  5 rats
174 creatures vanquished.

Notes
Turn   | Place    | Note
-------+----------+-------------------------------------------
     0 | D:1      | George the Minotaur Fighter began the quest for the Orb.
     0 | D:1      | Reached XP level 1. HP: 19/19 MP: 0/0
   185 | D:1      | Reached skill level 3 in Long Blades
   226 | D:1      | Reached XP level 2. HP: 24/26 MP: 1/1
   483 | D:1      | Reached skill level 4 in Long Blades
   728 | D:2      | Reached XP level 3. HP: 31/31 MP: 2/2
   850 | D:2      | Reached skill level 5 in Long Blades
   898 | D:2      | Reached XP level 4. HP: 9/39 MP: 3/3
   926 | D:2      | HP: 1/39 [poisoned by an adder]
  1472 | D:3      | Reached skill level 6 in Long Blades
  1503 | D:3      | Reached XP level 5. HP: 12/45 MP: 4/4
  1907 | D:3      | Found a shimmering altar of Xom.
  2029 | D:3      | Reached skill level 7 in Long Blades
  2308 | D:4      | Noticed an ogre
  2315 | D:4      | Killed an ogre
  2315 | D:4      | Reached XP level 6. HP: 51/51 MP: 5/5
  2337 | D:4      | Reached skill level 8 in Long Blades
  2551 | D:4      | Reached skill level 9 in Long Blades
  2623 | D:4      | Reached XP level 7. HP: 21/57 MP: 6/6
  3045 | D:4      | Reached skill level 10 in Long Blades
  3532 | D:5      | Entered Level 5 of the Dungeon
  3588 | D:5      | Noticed Blork the orc
  3599 | D:5      | Killed Blork the orc
  3599 | D:5      | Reached skill level 11 in Long Blades
  3698 | D:5      | Reached XP level 8. HP: 56/64 MP: 7/7
  3724 | D:5      | Noticed Eustachio
  3752 | D:5      | Killed Eustachio
  3875 | D:5      | Reached skill level 12 in Long Blades
  3911 | D:5      | Found a runed gate.
  3929 | D:5      | Found a runed gate.
  3929 | D:5      | Found a runed gate.
  3929 | D:5      | Noticed Lanoc's ghost (novice TrMo)
  4211 | D:5      | Killed Lanoc's ghost
  4796 | D:6      | Reached XP level 9. HP: 67/72 MP: 8/8
  4921 | D:6      | You fall through a shaft for 3 floors!
  4921 | D:9      | Found a staircase to the Lair.
  5007 | D:8      | Reached skill level 5 in Armour
  5007 | D:8      | Reached skill level 5 in Shields
  5038 | D:8      | Noticed a two-headed ogre
  5053 | D:8      | Killed a two-headed ogre
  5053 | D:8      | Reached skill level 5 in Fighting
  5492 | D:6      | Found a staircase to the Ecumenical Temple.
  5499 | Temple   | Entered the Ecumenical Temple
  5610 | Temple   | Became a worshipper of the Shining One
  6173 | D:7      | Reached skill level 1 in Invocations
  6503 | D:7      | Reached skill level 13 in Long Blades
  6800 | D:7      | Found a white marble altar of Elyvilon.
  6830 | D:7      | Found a hide-covered altar of Uskayaw.
  6837 | D:7      | Found a stormy altar of Qazlal.
  6838 | D:7      | Found a sacrificial altar of Ru.
  7016 | D:8      | Noticed a brown ugly thing
  7057 | D:8      | Splashed by a brown ugly thing's acid

Vault maps used:
D:1:      dpeg_arrival_boxes_within_box, nrook_campfire, minivault_19
D:2:      kennysheep_six_static_rooms
D:3:      xom_teletrap_fun
D:4:      st_stairs_11
D:5:      gammafunk_ghost_split, first_ration, uniq_blork_the_orc,
          uniq_eustachio
D:6:      minmay_temple_entry_fiery
D:7:      grunt_temple_overflow_open
D:9:      erik_lair_island, uniq_harold
Temple:   regret_index_temple_mists

Skill      XL: |  1  2  3  4  5  6  7  8  9 |
---------------+----------------------------+-----
Long Blades    | 3 4 5 6 7 9 11 12 13 | 13.0
Fighting       | 4 6 |  6.4
Armour         | 4 6 |  6.4
Dodging        | 2 4 |  4.5
Shields        | 4 6 |  6.4
Invocations    | 1 |  1.9

Action                   |  1- 3 |  4- 6 |  7- 9 || total
-------------------------+-------+-------+-------++-------
Melee: Long sword        |   106 |   209 |   413 ||   728
       Headbutt          |    17 |    29 |    80 ||   126
  Use: Scroll            |       |       |    14 ||    14
       Potion            |       |       |     2 ||     2
  Eat: Chunk             |       |     6 |    24 ||    30
Armor: Plate armour      |    65 |   131 |   155 ||   351
       Scale mail        |     2 |       |       ||     2
       Ice dragon scales |       |       |     5 ||     5
Dodge: Dodged            |    20 |    23 |    61 ||   104
Block: Shield            |    60 |   112 |   173 ||   345
       Rpst.: Long sword |     5 |     9 |    25 ||    39

Table legend:
 A = Non-vault XP
 B = Vault XP
 C = Vault XP percentage of total XP
 D = Non-vault monster count
 E = Vault monster count
 F = Vault count percentage of total count
                 A         B        C        D         E       F
            +---------+---------+-------+---------+---------+-------
      Total |    4516 |     993 |  18.0 |     161 |      13 |   7.5
            +---------+---------+-------+---------+---------+-------
        D:1 |      39 |       0 |   0.0 |      20 |       0 |   0.0
        D:2 |      80 |      25 |  23.8 |      21 |       6 |  22.2
        D:3 |     169 |       0 |   0.0 |      27 |       0 |   0.0
        D:4 |     842 |      35 |   4.0 |      30 |       2 |   6.2
        D:5 |     413 |     933 |  69.3 |      16 |       5 |  23.8
        D:6 |     597 |       0 |   0.0 |      19 |       0 |   0.0
        D:7 |    1213 |       0 |   0.0 |      19 |       0 |   0.0
        D:8 |    1163 |       0 |   0.0 |       9 |       0 |   0.0
            +---------+---------+-------+---------+---------+-------
